 Dungeon Crawl Stone Soup version 0.21.0-24-g2553a33 (webtiles) character file.

160 Hubbles the Cudgeler (level 5, -1/30 HPs)
             Began as a Kobold Skald on Jan 19, 2018.
             Slain by an orc priest
             ... wielding a +0 flail
              (9 damage)
             ... on level 3 of the Dungeon.
             The game lasted 00:04:06 (2565 turns).

Hubbles the Cudgeler (Kobold Skald)                 Turns: 2565, Time: 00:04:07

Health: -1/30      AC: 12    Str:  9    XL:     5   Next: 69%
Magic:  9/9        EV: 13    Int: 14    God:
Gold:   116        SH:  0    Dex: 15    Spells: 9/9 levels left

rFire    . . .     SeeInvis .   a - +0 mace
rCold    . . .     Gourm    .   (shield restricted)
rNeg     . . .     Faith    .   p - +0 ring mail
rPois    .         Spirit   .   (no helmet)
rElec    .         Reflect  .   (no cloak)
rCorr    .         Harm     .   e - +1 pair of gloves
MR       .....                  i - +0 pair of boots (curse)
Stlth    +.........             (no amulet)
HPRegen  0.10/turn              g - +4 ring of protection
MPRegen  0.11/turn              (no ring)

@: no status effects
A: small, carnivore
a: no special abilities


You were on level 3 of the Dungeon.
You were completely stuffed.

You visited 1 branch of the dungeon, and saw 3 of its levels.

You collected 116 gold pieces.

Inventory:

Hand Weapons
 a - a +0 mace (weapon)
 l - a +0 whip
 o - a +1 mace of holy wrath
Missiles
 f - 25 poisoned needles
Armour
 e - a +1 pair of gloves (worn)
 i - a cursed +0 pair of boots (worn)
 p - a +0 ring mail (worn)
Jewellery
 g - a +4 ring of protection (left hand)
Scrolls
 h - a scroll of fear
Potions
 j - a potion of lignification
 m - 2 potions of haste
Books
 c - a book of Battle

   Spells                             Type                      Level
   a - Infusion                       Charms                       1
   b - Shroud of Golubria             Charms/Translocation         2
   c - Song of Slaying                Charms                       2
   d - Spectral Weapon                Hexes/Charms                 3
   e - Regeneration                   Charms/Necromancy            3
Comestibles
 d - a ration


   Skills:
 - Level 2.1 Fighting
 * Level 3.6 Maces & Flails
 + Level 2.1 Armour
 - Level 2.4 Dodging
 - Level 2.9 Spellcasting
   Level 2.8 Charms


You had 9 spell levels left.
You didn't know any spells.

Dungeon Overview and Level Annotations

Branches:
Dungeon (3/15)

Altars:
Cheibriados
Fedhas
Kikubaaqudgha
Makhleb


Innate Abilities, Weirdness & Mutations

You are small and have problems with some larger weapons.
You are carnivorous and can eat meat at any time.


Message History

You closely miss the orc.
The orc is almost dead.
You hit the orc.
You kill the orc!
The orc priest hits you but does no damage.
You hit the orc priest but do no damage.
The orc priest miscasts a cantrip.
You closely miss the orc priest.
The orc priest hits you but does no damage.
You hit the orc priest.
The orc priest is lightly wounded.
You hit the orc priest.
The orc priest is moderately wounded.
You feel less wooden.
Your +1 pair of gloves unmelds from your body.
Your cursed +0 pair of boots unmelds from your body.
Your +0 ring mail unmelds from your body.
You feel yourself slow down. The orc priest hits you with a flail!
You die...

. #. ..##
..( #.
#.#### ..
#.o).# ..
#@.# .##..
#..#......
#.....#
#.###.###.#
#.....# #
#####.# #.#
##.# #..#


You could see an orc priest.

Vanquished Creatures
  An orc priest (D:3)
  A bullfrog skeleton (D:3)
  An adder (D:2)
  3 gnolls
  An ooze (D:1)
  3 worms (D:2)
  5 orcs (D:3)
  7 bats
  A giant cockroach (D:1)
  3 goblins
  2 hobgoblins (D:1)
  5 jackals (D:1)
  A quokka (D:2)
  A ball python (D:2)
  2 frilled lizards
  6 kobolds
  10 rats
53 creatures vanquished.

Notes
Turn   | Place    | Note
-------+----------+-------------------------------------------
     0 | D:1      | Hubbles the Kobold Skald began the quest for the Orb.
     0 | D:1      | Reached XP level 1. HP: 12/12 MP: 3/3
   223 | D:1      | Reached skill level 2 in Maces & Flails
   233 | D:1      | Reached skill level 1 in Armour
   233 | D:1      | Reached XP level 2. HP: 9/17 MP: 5/5
   550 | D:1      | Reached XP level 3. HP: 21/21 MP: 6/6
  1639 | D:2      | Reached XP level 4. HP: 11/26 MP: 8/8
  1948 | D:2      | Found a burning altar of Makhleb.
  1951 | D:2      | Found a snail-covered altar of Cheibriados.
  2119 | D:2      | Reached skill level 3 in Maces & Flails
  2186 | D:2      | Found a blossoming altar of Fedhas.
  2187 | D:2      | Found an ancient bone altar of Kikubaaqudgha.
  2249 | D:3      | Reached XP level 5. HP: 16/30 MP: 9/9
  2565 | D:3      | Slain by an orc priest

Skill      XL: |  1  2  3  4  5 |
---------------+----------------+-----
Maces & Flails | 2 3 |  3.6
Armour         | 1 2 |  2.1
Fighting       | |  2.1
Dodging        | |  2.4
Spellcasting   | |  2.9
Charms         | |  2.8

Action                   |  1- 3 |  4- 6 || total
-------------------------+-------+-------++-------
Melee: Mace              |   117 |   103 ||   220
       Whip              |    35 |       ||    35
  Use: Scroll            |     3 |     4 ||     7
       Potion            |       |     3 ||     3
  Eat: Chunk             |    11 |     3 ||    14
Armor: Leather armour    |    71 |    25 ||    96
       Skin              |       |    17 ||    17
Dodge: Dodged            |   144 |    65 ||   209
